| TOP OF THE 1ST |
|
Salt Lake Bees batting - Pitching for Tacoma Rainiers : RHP Vinny Reveles
|
|
Pitching: RHP Vinny Reveles
|
|
|
Batting: SHB Butch Brown
|
0-0: Ball 1-0: Called Strike 1-1: Called Strike 1-2: Ball 2-2: Foul Ball, location: 2F 2-2: SINGLE (Groundball, 25, EV 68.1 MPH) (infield hit)
|
|
Batting: LHB James McCauley
|
0-0: Ball 1-0: Ball 2-0: Ball 3-0: Base on Balls Butch Brown to second
|
|
Batting: RHB Ryan Munro
|
0-0: Ball 1-0: Ball 2-0: Ball 3-0: Called Strike 3-1: Foul Ball, location: 2F 3-2: Strikes out looking
|
|
Batting: LHB Brett Bugge
|
0-0: Ball 1-0: Fly out, F8 (Flyball, 89M, EV 85.6 MPH)
|
|
Batting: RHB Melvin Gomez
|
0-0: Fly out, F7 (Flyball, 78M, EV 91.9 MPH)
|
| Top of the 1st over - 0 runs, 1 hit, 0 errors, 2 left on base; Salt Lake 0 - Tacoma 0 |
| BOTTOM OF THE 1ST |
|
Tacoma Rainiers batting - Pitching for Salt Lake Bees : RHP Adam Durant
|
|
Pitching: RHP Adam Durant
|
|
|
Batting: RHB Brad Robidas
|
0-0: Ground out 3-1 (Groundball, 34, EV 97.5 MPH)
|
|
Batting: RHB Enrique Valdez
|
0-0: Ball 1-0: Ball 2-0: Ball 3-0: Base on Balls
|
|
Batting: LHB Josh Pittman
|
0-0: Called Strike 0-1: Ball 1-1: Called Strike 1-2: Ball 2-2: Reached on error, E6 (Groundball, 6M, EV 88.8 MPH) Enrique Valdez to third
|
|
Batting: LHB Ryan Lowe
|
0-0: Ball 1-0: Ball 2-0: Ball 3-0: Base on Balls
|
|
Batting: RHB Rick Ellis
|
0-0: Foul Ball, location: 2F 0-1: Ball 1-1: Swinging Strike 1-2: Ball 2-2: Grounds into double play, 6-4-3 (Groundball, 6, EV 111.2 MPH)
|
| Bottom of the 1st over - 0 runs, 0 hits, 1 error, 2 left on base; Salt Lake 0 - Tacoma 0 |
| TOP OF THE 2ND |
|
Salt Lake Bees batting - Pitching for Tacoma Rainiers : RHP Vinny Reveles
|
|
Batting: RHB Jeff Long
|
0-0: Fly out, F7 (Flyball, 7S, EV 88.8 MPH)
|
|
Batting: RHB Josh Faulconer
|
0-0: Foul Ball, location: 2F 0-1: Fly out, F7 (Flyball, 7LSF, EV 86.9 MPH)
|
|
Batting: RHB Kian-tat Chen
|
0-0: Ground out 5-3 (Groundball, 5S, EV 70.6 MPH)
|
| Top of the 2nd over - 0 runs, 0 hits, 0 errors, 0 left on base; Salt Lake 0 - Tacoma 0 |
| BOTTOM OF THE 2ND |
|
Tacoma Rainiers batting - Pitching for Salt Lake Bees : RHP Adam Durant
|
|
Batting: RHB Josh Ruhl
|
0-0: Ball 1-0: Ground out 5-3 (Groundball, 5, EV 78.8 MPH)
|
|
Batting: RHB Max Schellekens
|
0-0: Called Strike 0-1: Foul Ball, location: 2F 0-2: Ball 1-2: Foul Ball, location: 2F 1-2: DOUBLE (Groundball, 5L, EV 101.9 MPH)
|
|
Batting: RHB Jeff Cox
|
0-0: Foul Ball, location: 2F 0-1: Ball 1-1: Called Strike 1-2: Fly out, F7 (Line Drive, 78D, EV 91.9 MPH)
|
|
Batting: RHB Kagetoki Kawai
|
0-0: Ball 1-0: SINGLE (Groundball, 25, EV 68.8 MPH) (infield hit) Max Schellekens to third
|
|
Batting: RHB Brad Robidas
|
0-0: DOUBLE (Groundball, 5L, EV 110.6 MPH) Max Schellekens scores Kagetoki Kawai to third Runner from 3rd tries for Home, throw by LF and OUT! 7-6-2
|
| Bottom of the 2nd over - 1 run, 3 hits, 0 errors, 1 left on base; Salt Lake 0 - Tacoma 1 |
| TOP OF THE 3RD |
|
Salt Lake Bees batting - Pitching for Tacoma Rainiers : RHP Vinny Reveles
|
|
Batting: RHB Brandon Davis
|
0-0: Called Strike 0-1: Ball 1-1: Ball 2-1: Foul Ball, location: 2F 2-2: Fly out, F9 (Line Drive, 9LS, EV 91.9 MPH)
|
|
Batting: SHB Butch Brown
|
0-0: Ball 1-0: Called Strike 1-1: Called Strike 1-2: Foul Ball, location: 2F 1-2: Ball 2-2: Foul Ball, location: 2F 2-2: Foul Ball, location: 2F 2-2: Ground out 5-3 (Groundball, 56S, EV 87.5 MPH)
|
|
Batting: LHB James McCauley
|
0-0: Ball 1-0: Ball 2-0: Foul Ball, location: 2F 2-1: Fly out, F7 (Flyball, 7, EV 76.2 MPH)
|
| Top of the 3rd over - 0 runs, 0 hits, 0 errors, 0 left on base; Salt Lake 0 - Tacoma 1 |
| BOTTOM OF THE 3RD |
|
Tacoma Rainiers batting - Pitching for Salt Lake Bees : RHP Adam Durant
|
|
Batting: RHB Enrique Valdez
|
0-0: Foul Ball, location: 2F 0-1: Ball 1-1: Called Strike 1-2: DOUBLE (Flyball, 78XD, EV 97.5 MPH)
|
|
Batting: LHB Josh Pittman
|
0-0: Foul Ball, location: 2F 0-1: Called Strike 0-2: Ground out 1-3 (Groundball, 15, EV 67.5 MPH)
|
|
Batting: LHB Ryan Lowe
|
0-0: Ball 1-0: Ball 2-0: Ball 3-0: Called Strike 3-1: Ground out 6-3 (Groundball, 6, EV 77.5 MPH) Enrique Valdez to third
|
|
Batting: RHB Rick Ellis
|
0-0: Foul Ball, location: 2F 0-1: Foul Ball, location: 2F 0-2: Ball 1-2: Foul Ball, location: 2F 1-2: Ground out 4-3 (Groundball, 34, EV 95.6 MPH)
|
| Bottom of the 3rd over - 0 runs, 1 hit, 0 errors, 1 left on base; Salt Lake 0 - Tacoma 1 |
| TOP OF THE 4TH |
|
Salt Lake Bees batting - Pitching for Tacoma Rainiers : RHP Vinny Reveles
|
|
Batting: RHB Ryan Munro
|
0-0: Ball 1-0: Swinging Strike 1-1: Swinging Strike 1-2: Foul Ball, location: 2F 1-2: Ball 2-2: Strikes out swinging
|
|
Batting: LHB Brett Bugge
|
0-0: Ball 1-0: Ball 2-0: Swinging Strike 2-1: SINGLE (Groundball, 56D, EV 101.9 MPH)
|
|
Batting: RHB Melvin Gomez
|
0-0: Foul Ball, location: 2F 0-1: Ball 1-1: Ball 2-1: Swinging Strike 2-2: Ball 3-2: Ground out 6-3 (Groundball, 6S, EV 68.1 MPH) Brett Bugge to second
|
|
Batting: RHB Jeff Long
|
0-0: Called Strike 0-1: Ball 1-1: Called Strike 1-2: Strikes out swinging
|
| Top of the 4th over - 0 runs, 1 hit, 0 errors, 1 left on base; Salt Lake 0 - Tacoma 1 |
| BOTTOM OF THE 4TH |
|
Tacoma Rainiers batting - Pitching for Salt Lake Bees : RHP Adam Durant
|
|
Batting: RHB Josh Ruhl
|
0-0: Called Strike 0-1: Ball 1-1: Foul Ball, location: 2F 1-2: Strikes out swinging
|
|
Batting: RHB Max Schellekens
|
0-0: Called Strike 0-1: Ball 1-1: Swinging Strike 1-2: Fly out, F8 (Line Drive, 8RM, EV 88.1 MPH)
|
|
Batting: RHB Jeff Cox
|
0-0: Called Strike 0-1: Ground out 6-3 (Groundball, 6S, EV 65.0 MPH)
|
| Bottom of the 4th over - 0 runs, 0 hits, 0 errors, 0 left on base; Salt Lake 0 - Tacoma 1 |
| TOP OF THE 5TH |
|
Salt Lake Bees batting - Pitching for Tacoma Rainiers : RHP Vinny Reveles
|
|
Batting: RHB Josh Faulconer
|
0-0: Ball 1-0: Fly out, F9 (Flyball, 9S, EV 81.9 MPH)
|
|
Batting: RHB Kian-tat Chen
|
0-0: Ball 1-0: Foul Ball, location: 2F 1-1: Foul Ball, location: 2F 1-2: SINGLE (Line Drive, 9S, EV 96.9 MPH)
|
|
Batting: RHB Brandon Davis
|
0-0: Ball 1-0: Called Strike 1-1: Called Strike 1-2: Foul Ball, location: 2F 1-2: Strikes out swinging
|
|
Batting: SHB Butch Brown
|
0-0: Foul Ball, location: 2F 0-1: Ball 1-1: Ball 2-1: Ball 3-1: Called Strike 3-2: Foul Ball, location: 2F 3-2: SINGLE (Groundball, 5D, EV 104.4 MPH) Kian-tat Chen to second Kian-tat Chen to third
|
|
Batting: LHB James McCauley
|
0-0: Hit by Pitch Butch Brown to second
|
|
Batting: RHB Ryan Munro
|
0-0: Called Strike 0-1: Ball 1-1: Ball 2-1: Swinging Strike 2-2: Ball 3-2: Base on Balls Kian-tat Chen scores Butch Brown to third James McCauley to second
|
|
Batting: LHB Brett Bugge
|
0-0: Ball 1-0: Foul Ball, location: 2F 1-1: Fielders Choice at 2nd, 5-4 (Groundball, 5L, EV 104.4 MPH)
|
| Top of the 5th over - 1 run, 2 hits, 0 errors, 3 left on base; Salt Lake 1 - Tacoma 1 |
| BOTTOM OF THE 5TH |
|
Tacoma Rainiers batting - Pitching for Salt Lake Bees : RHP Adam Durant
|
|
Batting: RHB Kagetoki Kawai
|
0-0: Ball 1-0: Ball 2-0: Foul Ball, location: 2F 2-1: Ball 3-1: SINGLE (Flyball, 9S, EV 89.4 MPH)
|
|
Batting: RHB Brad Robidas
|
0-0: Called Strike 0-1: Ball Wild Pitch! Kagetoki Kawai to second 1-1: Ball 2-1: Foul Ball, location: 2F 2-2: Foul Ball, location: 2F 2-2: Ground out 5-3 (Groundball, 56, EV 98.8 MPH)
|
|
Batting: RHB Enrique Valdez
|
0-0: Foul Ball, location: 2F 0-1: Ball 1-1: Ball 2-1: Foul Ball, location: 2F 2-2: Foul Ball, location: 2F 2-2: Ground out 6-3 (Groundball, 6, EV 91.9 MPH) Kagetoki Kawai to third
|
|
Pitching: RHP Andrew Tipton
|
|
|
Batting: LHB Josh Pittman
|
0-0: Ball 1-0: Ball 2-0: Ball 3-0: Called Strike 3-1: Foul Ball, location: 2F 3-2: Strikes out swinging
|
| Bottom of the 5th over - 0 runs, 1 hit, 0 errors, 1 left on base; Salt Lake 1 - Tacoma 1 |
| TOP OF THE 6TH |
|
Salt Lake Bees batting - Pitching for Tacoma Rainiers : RHP Vinny Reveles
|
|
Pitching: RHP Bob Gilliam
|
|
|
Batting: RHB Melvin Gomez
|
0-0: Swinging Strike 0-1: Ball 1-1: Ball 2-1: Ball 3-1: Swinging Strike 3-2: Fly out, F7 (Flyball, 78M, EV 76.2 MPH)
|
|
Batting: RHB Jeff Long
|
0-0: Called Strike 0-1: Called Strike 0-2: Foul Ball, location: 2F 0-2: Foul Ball, location: 2F 0-2: Ball 1-2: Ball 2-2: Ball 3-2: Base on Balls
|
|
Batting: RHB Josh Faulconer
|
0-0: Called Strike 0-1: Ball Jeff Long steals 2nd base 1-1: Fly out, F5 (Popup, 25F, EV 82.5 MPH)
|
|
Batting: RHB Kian-tat Chen
|
0-0: Fly out, F9 (Flyball, 89M, EV 87.5 MPH)
|
| Top of the 6th over - 0 runs, 0 hits, 0 errors, 1 left on base; Salt Lake 1 - Tacoma 1 |
| BOTTOM OF THE 6TH |
|
Tacoma Rainiers batting - Pitching for Salt Lake Bees : RHP Andrew Tipton
|
|
Batting: LHB Ryan Lowe
|
0-0: Ball 1-0: Ball 2-0: SINGLE (Line Drive, 4MD, EV 100.0 MPH)
|
|
Batting: RHB Rick Ellis
|
0-0: Ball 1-0: Foul Ball, location: 2F 1-1: Called Strike 1-2: Foul Ball, location: 2F 1-2: Ball 2-2: Fly out, F3 (Popup, 23F, EV 90.6 MPH)
|
|
Batting: RHB Josh Ruhl
|
0-0: Swinging Strike 0-1: Ball 1-1: Fly out, F9 (Line Drive, 9, EV 89.4 MPH)
|
|
Batting: RHB Max Schellekens
|
0-0: Ball 1-0: Ground out U3 (Groundball, 34, EV 91.9 MPH)
|
| Bottom of the 6th over - 0 runs, 1 hit, 0 errors, 1 left on base; Salt Lake 1 - Tacoma 1 |
| TOP OF THE 7TH |
|
Salt Lake Bees batting - Pitching for Tacoma Rainiers : RHP Bob Gilliam
|
|
Batting: RHB Brandon Davis
|
0-0: Ball 1-0: Swinging Strike 1-1: Ball 2-1: Ball 3-1: Swinging Strike 3-2: Foul Ball, location: 2F 3-2: Base on Balls
|
|
Batting: SHB Butch Brown
|
0-0: Ball 1-0: Bunt missed! 1-1: Ball 2-1: Ball 3-1: Base on Balls Brandon Davis to second
|
|
Batting: LHB James McCauley
|
0-0: Called Strike 0-1: Ball 1-1: Called Strike 1-2: Strikes out swinging
|
|
Batting: RHB Ryan Munro
|
0-0: Ball 1-0: Ball 2-0: Ball 3-0: Base on Balls Brandon Davis to third Butch Brown to second
|
|
Batting: LHB Brett Bugge
|
0-0: Ball 1-0: Ball 2-0: Ball 3-0: Base on Balls Brandon Davis scores Butch Brown to third Ryan Munro to second
|
|
Batting: RHB Melvin Gomez
|
0-0: Ball 1-0: Ball 2-0: Ball 3-0: Called Strike 3-1: Base on Balls Butch Brown scores Ryan Munro to third Brett Bugge to second
|
|
Batting: RHB Jeff Long
|
0-0: Foul Ball, location: 2F 0-1: Foul Ball, location: 2F 0-2: SINGLE (Groundball, 56D, EV 102.5 MPH) Ryan Munro scores Brett Bugge to third Melvin Gomez to second Runner from 3rd tries for Home, SAFE, throw by LF to home
|
|
Pitching: RHP Sid Lampone
|
|
|
Batting: RHB Josh Faulconer
|
0-0: Ball 1-0: Ball 2-0: Swinging Strike 2-1: Fly out, F9 (Flyball, 89S, EV 86.9 MPH)
|
|
Batting: RHB Kian-tat Chen
|
0-0: Ball 1-0: Called Strike 1-1: Called Strike 1-2: Ball 2-2: Strikes out looking
|
| Top of the 7th over - 4 runs, 1 hit, 0 errors, 2 left on base; Salt Lake 5 - Tacoma 1 |
| BOTTOM OF THE 7TH |
|
Tacoma Rainiers batting - Pitching for Salt Lake Bees : RHP Andrew Tipton
|
|
Pitching: RHP Joe Beam
|
|
|
Batting: RHB Jeff Cox
|
0-0: Ball 1-0: Reached via error on a dropped throw from 2B, E3 (Groundball, 4, EV 90.0 MPH)
|
|
Batting: RHB Kagetoki Kawai
|
0-0: Ball 1-0: Ball 2-0: Ball 3-0: Called Strike 3-1: Base on Balls Jeff Cox to second
|
|
Batting: RHB Brad Robidas
|
0-0: Grounds into double play, 6-4-3 (Groundball, 56, EV 87.5 MPH) Jeff Cox to third
|
|
Batting: RHB Enrique Valdez
|
0-0: Ball 1-0: Foul Ball, location: 2F 1-1: Swinging Strike 1-2: Strikes out swinging
|
| Bottom of the 7th over - 0 runs, 0 hits, 1 error, 1 left on base; Salt Lake 5 - Tacoma 1 |
| TOP OF THE 8TH |
|
Salt Lake Bees batting - Pitching for Tacoma Rainiers : RHP Sid Lampone
|
|
Batting: RHB Brandon Davis
|
0-0: Called Strike 0-1: Ball 1-1: Swinging Strike 1-2: Foul Ball, location: 2F 1-2: Ball 2-2: Ground out 6-3 (Groundball, 6, EV 84.4 MPH)
|
|
Batting: SHB Butch Brown
|
0-0: Ball 1-0: Ground out 5-3 (Groundball, 5, EV 86.9 MPH)
|
|
Batting: LHB James McCauley
|
0-0: Called Strike 0-1: Called Strike 0-2: Strikes out swinging
|
| Top of the 8th over - 0 runs, 0 hits, 0 errors, 0 left on base; Salt Lake 5 - Tacoma 1 |
| BOTTOM OF THE 8TH |
|
Tacoma Rainiers batting - Pitching for Salt Lake Bees : RHP Joe Beam
|
|
Pitching: RHP Harry Christopher
|
|
|
Batting: LHB Josh Pittman
|
0-0: Called Strike 0-1: Hit by Pitch
|
|
Batting: LHB Ryan Lowe
|
0-0: Called Strike 0-1: Ball 1-1: Foul Ball, location: 2F 1-2: Strikes out swinging
|
|
Batting: RHB Rick Ellis
|
0-0: Ball 1-0: Ball 2-0: Ball 3-0: Called Strike 3-1: Base on Balls Josh Pittman to second
|
|
Batting: RHB Josh Ruhl
|
0-0: Called Strike 0-1: Called Strike 0-2: Foul Ball, location: 2F 0-2: Fielders Choice at 2nd, 3-6 (Groundball, 34, EV 99.4 MPH) Josh Pittman to third
|
|
Batting: RHB Max Schellekens
|
0-0: Ball 1-0: Ball 2-0: Swinging Strike 2-1: Fielders Choice at 2nd, 5-4 (Groundball, 5L, EV 108.8 MPH)
|
| Bottom of the 8th over - 0 runs, 0 hits, 0 errors, 2 left on base; Salt Lake 5 - Tacoma 1 |
| TOP OF THE 9TH |
|
Salt Lake Bees batting - Pitching for Tacoma Rainiers : RHP Sid Lampone
|
|
Pitching: RHP Marty Maginnis
|
|
|
Batting: RHB Ryan Munro
|
0-0: Swinging Strike 0-1: Ball 1-1: Swinging Strike 1-2: Ball 2-2: Foul Ball, location: 2F 2-2: Foul Ball, location: 2F 2-2: Foul Ball, location: 2F 2-2: Ball 3-2: Base on Balls
|
|
Batting: LHB Brett Bugge
|
0-0: Ball 1-0: Called Strike 1-1: Fly out, F8 (Flyball, 8LM, EV 73.8 MPH)
|
|
Batting: RHB Melvin Gomez
|
0-0: Ball 1-0: Ball 2-0: Swinging Strike 2-1: Ball 3-1: Swinging Strike 3-2: Fly out, F8 (Line Drive, 8RD, EV 93.1 MPH)
|
|
Batting: RHB Jeff Long
|
0-0: Called Strike 0-1: Ball 1-1: 2-RUN HOME RUN (Flyball, 7D, EV 97.5 MPH), Distance : 364 ft
|
|
Batting: RHB Josh Faulconer
|
0-0: Called Strike 0-1: SINGLE (Groundball, 5L, EV 89.4 MPH) (infield hit)
|
|
Batting: RHB Kian-tat Chen
|
0-0: Ground out 4-3 (Groundball, 34, EV 97.5 MPH)
|
| Top of the 9th over - 2 runs, 2 hits, 0 errors, 1 left on base; Salt Lake 7 - Tacoma 1 |
| BOTTOM OF THE 9TH |
|
Tacoma Rainiers batting - Pitching for Salt Lake Bees : RHP Harry Christopher
|
|
Batting: RHB Jeff Cox
|
0-0: Ball 1-0: Ball 2-0: Ball 3-0: Called Strike 3-1: Foul Ball, location: 2F 3-2: Foul Ball, location: 2F 3-2: Base on Balls
|
|
Batting: RHB Kagetoki Kawai
|
0-0: Called Strike 0-1: Grounds into double play, 6-4-3 (Groundball, 6, EV 102.5 MPH)
|
|
Batting: RHB Brad Robidas
|
0-0: Swinging Strike 0-1: Ball 1-1: Foul Ball, location: 2F 1-2: Ball 2-2: Foul Ball, location: 2F 2-2: Foul Ball, location: 2F 2-2: Fly out, F9 (Flyball, 9LM, EV 95.0 MPH)
|
| Bottom of the 9th over - 0 runs, 0 hits, 0 errors, 0 left on base; Salt Lake 7 - Tacoma 1 |
|